 Dungeon Crawl Stone Soup version 0.28-a0-687-gb91baff9cc (webtiles) character file.

Game seed: 11847192015738514744

94 lunkers the Skirmisher (level 4, -1/37 HPs)
             Began as a Djinni Cinder Acolyte on Oct 19, 2021.
             Was a High Priest of Ignis.
             Slain by an orc (4 damage)
             ... on level 3 of the Dungeon.
             The game lasted 00:01:55 (1521 turns).

lunkers the Skirmisher (Djinni Cinder Acolyte)      Turns: 1521, Time: 00:01:55

Health: -1/37      AC:  2    Str: 13    XL:     4   Next: 94%
Gold:   49         EV: 11    Int: 17    God:    Ignis [*****.] SH:  0 Dex:  8

rFire   + + +      SeeInvis .   a - -1 short sword (flame)
rCold   x . .      Faith    .   (no shield)
rNeg    . . .      Spirit   .   b - +0 robe
rPois   ∞          Reflect  .   (no helmet)
rElec   .          Harm     .   (no cloak)
rCorr   .          Rampage  .   (no gloves)
Will    .....                   (boots unavailable)
Stlth   +.........              (no amulet)
HPRegen 0.12/turn               (no ring)
MPRegen 0.00/turn               (no ring)

@: flying, very slightly contaminated
A: sickness immunity, fire resistance 2, cold vulnerability 1, float, innate
caster, hp casting, extra vitality 1
a: Renounce Religion, Sea of Fire, Foxfire Swarm, Rising Flame


You were on level 3 of the Dungeon.
You worshipped Ignis.
Ignis was extremely pleased with you.
You visited 1 branch of the dungeon, and saw 4 of its levels.

You collected 49 gold pieces.

Inventory:

Hand Weapons
 a - a -1 short sword of flaming (weapon)
Armour
 b - a +0 robe (worn)
Scrolls
 d - a scroll of enchant armour {unknown}
 e - 2 scrolls of identify {unknown}
 g - a scroll of blinking {unknown}
Potions
 c - a potion of curing {unknown}
 f - a potion of attraction {unknown}
 h - a potion of brilliance {unknown}


   Skills:
 + Level 3.8 Fighting
 - Level 2.6 Short Blades
 * Level 3.6 Spellcasting


You had 7 spell levels left.
You knew the following spells:

 Your Spells              Type           Power      Damage    Failure   Level
a - Shock                 Conj/Air       60%        1d6       3%          1
p - Scorch                Fire           30%        2d6       5%          2
Your spell library was empty.

Dungeon Overview and Level Annotations

Branches:
Dungeon (4/15)
 Temple: D:4-7

Altars:


Innate Abilities, Weirdness & Mutations

You are immune to sickness and miasma.
You are immune to poison.
Your flesh is very heat resistant. (rF++)
You are vulnerable to cold. (rC-)
You float through the air rather than walking.
You learn spells naturally, not from books.
Your magical power is your life essence.
You have superior vitality. (+4 HP)


Message History

Flames lash the kobold.
You kill the kobold!
Casting: Scorch (safe; 6% risk of failure)
Press: ? - help, Q - select action, (/) - cycle Dir - look around, f - activate Flames lash the adder.
The adder is almost dead.
The adder bites you.
* * * LOW HITPOINT WARNING * * *
The adder bites you.
* * * LOW HITPOINT WARNING * * *
Casting: Scorch (safe; 6% risk of failure)
Press: ? - help, Q - select action, (/) - cycle Dir - look around, f - activate Flames lash the adder.
The adder is burned terribly!
You kill the adder!
* * * LOW HITPOINT WARNING * * *
Casting: Scorch (safe; 5% risk of failure)
Press: ? - help, Q - select action, (/) - cycle Dir - look around, f - activate You miscast Scorch.
You are very lightly contaminated with residual magic.
Nothing appears to happen.
* * * LOW HITPOINT WARNING * * *
Casting: Scorch (safe; 5% risk of failure)
Press: ? - help, Q - select action, (/) - cycle Dir - look around, f - activate You miscast Scorch.
Nothing appears to happen.
* * * LOW HITPOINT WARNING * * *
Casting: Scorch (safe; 5% risk of failure)
Press: ? - help, Q - select action, (/) - cycle Dir - look around, f - activate Flames lash the endoplasm.
You kill the endoplasm!
* * * LOW HITPOINT WARNING * * *
The orc hits you with a +2 vampiric dagger.
* * * LOW HITPOINT WARNING * * *
Casting: Scorch (safe; 5% risk of failure)
Press: ? - help, Q - select action, (/) - cycle Dir - look around, f - activate Flames lash the orc.
The orc is severely wounded.
The orc's fire resistance burns away.
* * * LOW HITPOINT WARNING * * *
The orc hits you with a +2 vampiric dagger.
You die...

##...#..#
#..#.....#
#...#.#)#
.....##..#
#.###...#####.....
#..#
#.#............./.
.... #
#...............
....
#.......(.......
.....
#.........$.....
...........†..$...
..........@.......
......###.o........
....## #.........#
... ...)......##
..#........#
##.#.....<..# #
.........#
..........#


You could see an orc (combustible).

Vanquished Creatures
  3 gnolls
  4 adders
  A dart slug (D:1)
  An orc (D:3)
  A bat (D:3)
  5 endoplasms
  2 giant cockroaches
  A goblin (D:1)
  A hobgoblin (D:1)
  A quokka (D:3)
  2 ball pythons
  A frilled lizard (D:1)
  5 kobolds
  2 rats
30 creatures vanquished.

Notes
Turn   | Place    | Note
-------+----------+-------------------------------------------
     0 | D:1      | lunkers the Djinni Cinder Acolyte began the quest for the
                  | Orb.
     0 | D:1      | Reached XP level 1. HP: 20/20 MP: 0/0
   323 | D:1      | Reached XP level 2. HP: 22/25 MP: 0/0
   719 | D:1      | Reached XP level 3. HP: 8/30 MP: 0/0
   719 | D:1      | Learned a level 1 spell: Shock
  1123 | D:2      | Reached XP level 4. HP: 24/36 MP: 0/0
  1288 | D:2      | You are sucked into a shaft and drop 2 floors!
  1521 | D:3      | Slain by an orc

Illustrated notes

Levels and vault maps discovered:
D:1:      lightli_arrival_chessboard, layout_rooms, minmay_crystal_room,
          minmay_pentomino_x4
D:2:      layout_basic, chequers_ecumenical_altar_simple_redux,
          hangedman_feature_mirror
D:3:      layout_rooms, general_overflow_altar
D:4:      layout_loops_ring, nicolae_uskayaw_dance_hall, grunt_ministairs_2,
          minmay_a_box_with_orc_wizards_in_it

Skill      XL: |  1  2  3 |
---------------+----------+-----
Spellcasting   | 3 |  3.6
Fighting       | |  3.8
Short Blades   | |  2.6

Action                   |  1- 3 |  4- 6 || total
-------------------------+-------+-------++-------
Melee: Short sword       |    31 |       ||    31
 Cast: Scorch            |     9 |    19 ||    28
       Shock             |     9 |     1 ||    10
Armor: Robe              |     3 |     1 ||     4
Dodge: Dodged            |    21 |     1 ||    22

Table legend: (Time is in decaauts)
 A = Elapsed time spent in this place.
 B = Non-inter-level travel time spent in this place.
 C = Inter-level travel time spent in this place.
 D = Time resting spent in this place.
 E = Time spent auto-exploring this place.
 F = Levels seen in this place.
 G = Mean time per level.
                   A        B        C        D        E       F      G
               +--------+--------+--------+--------+--------+-----+--------+
         Total |   1520 |   1520 |      0 |    336 |    984 |   4 |  380.0 |
       Dungeon |   1520 |   1520 |      0 |    336 |    984 |   4 |  380.0 |
               +--------+--------+--------+--------+--------+-----+--------+

Top non-repeatable levels by time:
     D:1: 939 daAuts
     D:2: 349 daAuts
     D:3: 144 daAuts
     D:4: 87 daAuts
